St.Louis Blues vs Calgary Flames
Created - Saturday, June 28, 2025 at 08:38
Goals
|
| St.Louis Blues |
0 |
1 |
1 |
1 |
3 |
| Calgary Flames |
0 |
1 |
1 |
0 |
2 |
|
Shots
|
| St.Louis Blues |
7 |
11 |
19 |
1 |
38 |
| Calgary Flames |
11 |
10 |
7 |
7 |
35 |
|
1st period
No Goal
Penalties :
Jake Sanderson (STL) for Goalie Interference (Minor) at 0:47, Logan O'Connor (STL) for Tripping (Minor) at 6:20
2nd period
1. St.Louis Blues , Jack Eichel 4 (Brayden Point 11, Elias Pettersson 9) at 7:46
2. Calgary Flames , Nicholas Paul 3 (Mathieu Joseph 2) at 18:56
Penalties :
No Penalty
3rd period
3. Calgary Flames , Cale Makar 2 (Matthew Tkachuk 17, Chris Kreider 12) at 5:23 (PP)
4. St.Louis Blues , Robert Thomas 9 (Jake Guentzel 15, Nick Leddy 3) at 7:28
Penalties :
Brandon Hagel (STL) for Tripping (Minor) at 0:22, Colton Parayko (STL) for Slashing (Minor) at 4:48, J.T. Miller (CGY) for Roughing (Minor) at 10:14
Overtime #1
5. St.Louis Blues , Lars Eller 3 (Jake Sanderson 5, Mark Stone 7) at 3:14
Penalties :
No Penalty
Goalie Stats
Connor Hellebuyck (STL), 33 saves from 35 shots - (0.943), W, 15-5-2, 63:14 minutes
Ilya Sorokin (CGY), 35 saves from 38 shots - (0.921), OTL, 13-6-2, 63:14 minutes
Players Stats for St.Louis Blues
Player Name G A P +/- PIM S H SB GA TA FO MP PP MP PK MP
------------------------------------------------------------------------------------
Alex Pietrangelo 0 0 0 0 0 1 0 1 1 1 0/0 27:46 0:53 3:33
Alex Tuch 0 0 0 0 0 2 2 1 0 1 0/0 15:55 0:54 3:05
Brandon Hagel 0 0 0 1 2 0 2 0 0 0 1/2 18:33 0:54 0:00
Brayden Point 0 1 1 1 0 3 3 0 0 1 0/0 19:16 1:05 0:00
Colton Parayko 0 0 0 0 2 3 2 2 0 1 0/0 26:51 0:00 2:59
Dakota Joshua 0 0 0 0 0 3 3 0 0 1 0/0 6:56 0:00 0:00
Elias Lindholm 0 0 0 0 0 2 1 0 0 0 5/8 15:00 0:00 3:05
Elias Pettersson 0 1 1 1 0 4 1 0 0 1 0/0 19:30 0:54 0:24
Jaccob Slavin 0 0 0 -1 0 4 0 0 0 0 0/0 22:43 0:00 3:38
Jack Eichel 1 0 1 1 0 7 0 0 0 0 19/29 19:17 1:06 0:00
Jake Guentzel 0 1 1 1 0 1 3 0 1 1 0/0 18:44 1:05 0:00
Jake Sanderson 0 1 1 -1 2 0 0 0 0 0 0/0 21:01 0:00 1:40
Lars Eller 1 0 1 0 0 1 0 0 0 0 3/6 10:11 0:00 3:14
Logan O'Connor 0 0 0 0 2 5 1 0 2 0 0/0 9:12 0:00 2:06
Mark Stone 0 1 1 0 0 0 1 1 1 1 0/0 12:43 0:53 0:00
Mikhail Sergachev 0 0 0 3 0 1 0 0 0 1 0/0 13:42 1:06 0:34
Nick Leddy 0 1 1 3 0 0 1 0 0 2 0/0 12:20 0:00 0:40
Robert Thomas 1 0 1 1 0 1 1 2 1 0 7/16 19:54 1:05 1:10
Players Stats for Calgary Flames
Player Name G A P +/- PIM S H SB GA TA FO MP PP MP PK MP
------------------------------------------------------------------------------------
Bo Horvat 0 0 0 0 0 0 1 0 1 0 2/4 13:24 0:00 0:00
Cale Makar 1 0 1 -1 0 4 0 1 1 2 0/0 22:47 3:05 0:56
Chris Kreider 0 1 1 -1 0 0 0 0 0 0 1/2 20:40 3:31 0:49
Drew Doughty 0 0 0 -1 0 1 0 1 0 0 0/0 22:48 3:05 0:56
Filip Hronek 0 0 0 0 0 1 1 0 0 0 0/0 16:06 0:00 0:00
J.T. Miller 0 0 0 -1 2 3 5 0 1 0 9/18 19:32 3:31 0:00
Jake Middleton 0 0 0 0 0 0 1 0 1 1 0/0 16:06 0:00 0:00
Jeremy Lauzon 0 0 0 -1 0 1 3 0 0 1 0/0 24:00 3:27 1:03
Joel Eriksson Ek 0 0 0 -2 0 2 2 0 1 0 1/2 16:08 0:00 0:42
Kris Letang 0 0 0 -1 0 1 2 2 1 0 0/0 24:00 3:27 1:03
Mathieu Joseph 0 1 1 1 0 2 2 1 1 0 0/0 9:51 0:00 0:00
Matthew Tkachuk 0 1 1 -1 0 3 1 1 0 0 0/0 19:31 3:31 0:00
Nic Dowd 0 0 0 1 0 1 0 1 0 0 0/0 10:15 0:00 0:00
Nicholas Paul 1 0 1 1 0 3 0 0 1 1 0/4 10:52 0:00 0:41
Oliver Bjorkstrand 0 0 0 0 0 1 1 0 0 0 0/0 12:54 0:00 0:00
Pavel Zacha 0 0 0 0 0 3 2 2 3 0 0/2 16:25 3:01 0:31
Sebastian Aho 0 0 0 -2 0 4 0 1 0 1 13/27 19:51 3:01 1:01
Zach Hyman 0 0 0 -2 0 5 4 1 0 0 0/2 19:00 3:01 0:14
3 Stars
1 - Connor Hellebuyck (STL)
2 - Robert Thomas (STL)
3 - Nick Leddy (STL)
Power Play
St.Louis Blues - 0 on 1 Attempt(s) - 0.00%
Calgary Flames - 1 on 4 Attempt(s) - 25.00%
Penalty Kill
St.Louis Blues - 3 on 4 Attempt(s) - 75.00%
- Score 0 goal in Penalty Kill
Calgary Flames - 1 on 1 Attempt(s) - 100.00%
- Score 0 goal in Penalty Kill
Team Stat
St.Louis Blues - Hits : 21 - Faceoff Wins : 35 - Blocked Shots : 7 - Penalty Minutes : 8
Calgary Flames - Hits : 25 - Faceoff Wins : 26 - Blocked Shots : 11 - Penalty Minutes : 2
Official
Referees : Mitch Dunning and Wes Mccauley
Linesman : Tyson Baker and Mark Shewchyk
Game Notes
2:15 of 1st overtime period - Calgary Flames goal is going for a video replay. After video review, No Goal. The net was displaced accidentally.
Finance
Level 1 -- Attendance: 6000 (100.00%) -- Ticket Income $600,000
Level 2 -- Attendance: 5000 (100.00%) -- Ticket Income $300,000
Level 3 -- Attendance: 3000 (100.00%) -- Ticket Income $105,000
Level 4 -- Attendance: 5000 (100.00%) -- Ticket Income $125,000
Luxury Box -- Attendance: 1000 (100.00%) -- Ticket Income $200,000
Game was played at the Scotiabank Saddledome.
Total Attendance: 20000 (100.00%)
Total Ticket Income: $1,330,000
Other Income: $465,500
Total Income: $1,795,500
St.Louis Blues
5 vs 5 Forward
Center Left Wing Right Wing Time % Phy DF OF
1 Jack Eichel Elias Pettersson Brayden Point 36 0 2 3
2 Robert Thomas Brandon Hagel Jake Guentzel 35 0 2 3
3 Elias Lindholm Alex Tuch Mark Stone 22 0 3 2
4 Lars Eller Dakota Joshua Logan O'Connor 7 1 2 2
5 vs 5 Defense
Defense Defense Time % Phy DF OF
1 Colton Parayko Alex Pietrangelo 45 1 2 2
2 Jake Sanderson Jaccob Slavin 35 1 2 2
3 Mikhail Sergachev Nick Leddy 20 1 2 2
4 Colton Parayko Alex Pietrangelo 0 1 2 2
PowerPlay Forward
Center Left Wing Right Wing Time % Phy DF OF
1 Robert Thomas Jake Guentzel Brayden Point 60 1 0 4
2 Elias Pettersson Brandon Hagel Alex Tuch 40 1 0 4
PowerPlay Defense
Defense Defense Time % Phy DF OF
1 Jack Eichel Mikhail Sergachev 60 0 1 4
2 Mark Stone Alex Pietrangelo 40 0 1 4
Penalty Kill 4 Players Forward
Center Wing Time % Phy DF OF
1 Lars Eller Logan O'Connor 50 1 4 0
2 Elias Lindholm Alex Tuch 50 1 4 0
Penalty Kill 4 Players Defense
Defense Defense Time % Phy DF OF
1 Jake Sanderson Colton Parayko 50 1 4 0
2 Jaccob Slavin Alex Pietrangelo 50 1 4 0
Penalty Kill - 3 Players Forward
Forward Time % Phy DF OF
1 Elias Lindholm 50 0 5 0
2 Lars Eller 50 0 5 0
Penalty Kill - 3 Players Defense
Defense Defense Time % Phy DF OF
1 Jake Sanderson Colton Parayko 50 0 5 0
2 Nick Leddy Alex Pietrangelo 50 0 5 0
4 vs 4 Forward
Center Wing Time % Phy DF OF
1 Robert Thomas Jake Guentzel 50 0 2 3
2 Jack Eichel Brayden Point 50 0 2 3
4 vs 4 Defense
Defense Defense Time % Phy DF OF
1 Jake Sanderson Alex Pietrangelo 50 0 3 2
2 Colton Parayko Mikhail Sergachev 50 0 3 2
Last Minutes Offensive
Center Left Wing Right Wing Defense Defense
Robert Thomas Jake Guentzel Brayden Point Jack Eichel Mikhail Sergachev
Last Minutes Defensive
Center Left Wing Right Wing Defense Defense
Elias Lindholm Logan O'Connor Robert Thomas Alex Pietrangelo Colton Parayko
Goaltenders
Starting : Connor Hellebuyck
Backup : Scott Wedgewood
Extra Forwards
Normal : Brayden Point, Brandon Hagel, Mark Stone - PP : Elias Pettersson, Dakota Joshua - PK : Robert Thomas
Extra Defensemen
Normal : Jake Sanderson, Mikhail Sergachev, Colton Parayko - PP : Alex Pietrangelo - PK : Jaccob Slavin, Nick Leddy
Penalty Shots
Elias Pettersson, Jack Eichel, Brayden Point, Jake Guentzel, Robert Thomas
Scratches
Jack Roslovic (Healthy), Adam Pelech (Healthy)
Calgary Flames
5 vs 5 Forward
Center Left Wing Right Wing Time % Phy DF OF
1 J.T. Miller Chris Kreider Matthew Tkachuk 30 0 3 2
2 Sebastian Aho Joel Eriksson Ek Zach Hyman 30 0 3 2
3 Bo Horvat Pavel Zacha Oliver Bjorkstrand 25 0 2 3
4 Nicholas Paul Nic Dowd Mathieu Joseph 15 1 2 2
5 vs 5 Defense
Defense Defense Time % Phy DF OF
1 Drew Doughty Cale Makar 35 0 2 3
2 Kris Letang Jeremy Lauzon 35 0 2 3
3 Filip Hronek Jake Middleton 30 1 2 2
4 Drew Doughty Cale Makar 0 1 2 2
PowerPlay Forward
Center Left Wing Right Wing Time % Phy DF OF
1 J.T. Miller Chris Kreider Matthew Tkachuk 50 1 2 2
2 Sebastian Aho Pavel Zacha Zach Hyman 50 1 2 2
PowerPlay Defense
Defense Defense Time % Phy DF OF
1 Drew Doughty Cale Makar 50 1 2 2
2 Kris Letang Jeremy Lauzon 50 1 2 2
Penalty Kill 4 Players Forward
Center Wing Time % Phy DF OF
1 J.T. Miller Chris Kreider 50 1 2 2
2 Sebastian Aho Joel Eriksson Ek 50 1 2 2
Penalty Kill 4 Players Defense
Defense Defense Time % Phy DF OF
1 Drew Doughty Cale Makar 50 1 2 2
2 Kris Letang Jeremy Lauzon 50 1 2 2
Penalty Kill - 3 Players Forward
Forward Time % Phy DF OF
1 J.T. Miller 50 1 2 2
2 Chris Kreider 50 1 2 2
Penalty Kill - 3 Players Defense
Defense Defense Time % Phy DF OF
1 Drew Doughty Cale Makar 50 1 2 2
2 Kris Letang Jeremy Lauzon 50 1 2 2
4 vs 4 Forward
Center Wing Time % Phy DF OF
1 J.T. Miller Chris Kreider 50 1 2 2
2 Sebastian Aho Joel Eriksson Ek 50 1 2 2
4 vs 4 Defense
Defense Defense Time % Phy DF OF
1 Drew Doughty Cale Makar 50 1 2 2
2 Kris Letang Jeremy Lauzon 50 1 2 2
Last Minutes Offensive
Center Left Wing Right Wing Defense Defense
J.T. Miller Chris Kreider Matthew Tkachuk Drew Doughty Cale Makar
Last Minutes Defensive
Center Left Wing Right Wing Defense Defense
J.T. Miller Chris Kreider Matthew Tkachuk Drew Doughty Cale Makar
Goaltenders
Starting : Ilya Sorokin
Backup : Samuel Montembeault
Extra Forwards
Normal : Nic Dowd, Bo Horvat, Nicholas Paul - PP : Nic Dowd, Bo Horvat - PK : Nicholas Paul
Extra Defensemen
Normal : Filip Hronek, Jake Middleton, Kris Letang - PP : Filip Hronek - PK : Jake Middleton, Kris Letang
Penalty Shots
J.T. Miller, Chris Kreider, Sebastian Aho, Joel Eriksson Ek, Bo Horvat
Scratches
None
% Time on Ice - St.Louis Blues
Lines # - Real PCT - Wanted PCT - Time Play
Normal Forward
1 - 33% - 36% - 18:12
2 - 33% - 35% - 17:50
3 - 21% - 22% - 11:45
4 - 13% - 7% - 6:56
Normal Defense
1 - 44% - 45% - 23:53
2 - 35% - 35% - 19:10
3 - 21% - 20% - 11:40
4 - 0% - 0% - 0:00
PP Forward
1 - 55% - 60% - 1:05
2 - 45% - 40% - 0:54
PP Defense
1 - 55% - 60% - 1:06
2 - 45% - 40% - 0:53
PK Forward
1 - 49% - 50% - 3:14
2 - 51% - 50% - 3:18
PK Defense
1 - 46% - 50% - 2:59
2 - 54% - 50% - 3:33
PK3 Forward
1 - 0% - 50%
2 - 0% - 50%
PK3 Defense
1 - 0% - 50%
2 - 0% - 50%
44 Forward
1 - 0% - 50%
2 - 0% - 50%
44 Defense
1 - 0% - 50%
2 - 0% - 50%
Last Minute Offensive - 0:00
Last Minute Defensive - 0:00
Total
Forward - 63:14
Defense - 63:14
|
% Time on Ice - Calgary Flames
Lines # - Real PCT - Wanted PCT - Time Play
Normal Forward
1 - 30% - 30% - 16:13
2 - 29% - 30% - 15:45
3 - 24% - 25% - 12:54
4 - 18% - 15% - 9:51
Normal Defense
1 - 35% - 35% - 19:07
2 - 36% - 35% - 19:30
3 - 29% - 30% - 16:06
4 - 0% - 0% - 0:00
PP Forward
1 - 54% - 50% - 3:31
2 - 46% - 50% - 3:01
PP Defense
1 - 47% - 50% - 3:05
2 - 53% - 50% - 3:27
PK Forward
1 - 65% - 50% - 1:17
2 - 35% - 50% - 0:42
PK Defense
1 - 47% - 50% - 0:56
2 - 53% - 50% - 1:03
PK3 Forward
1 - 0% - 50%
2 - 0% - 50%
PK3 Defense
1 - 0% - 50%
2 - 0% - 50%
44 Forward
1 - 0% - 50%
2 - 0% - 50%
44 Defense
1 - 0% - 50%
2 - 0% - 50%
Last Minute Offensive - 0:00
Last Minute Defensive - 0:00
Total
Forward - 63:14
Defense - 63:14
|
Play-by-Play
1st period
0:01 of 1st period - Jack Eichel wins face-off versus J.T. Miller in neutral zone.
0:27 of 1st period - Icing by Cale Makar.
0:28 of 1st period - Sebastian Aho wins face-off versus Brandon Hagel in Calgary Flames zone.
0:28 of 1st period - Sebastian Aho is hit by Jake Guentzel.
0:47 of 1st period - Minor Penalty to Jake Sanderson for Goalie Interference.
0:48 of 1st period - Lars Eller wins face-off versus J.T. Miller in St.Louis Blues zone.
0:58 of 1st period - Wrist shot by Matthew Tkachuk.
0:58 of 1st period - Stopped by Connor Hellebuyck with a rebound.
1:10 of 1st period - Lars Eller is hit by J.T. Miller and loses puck.
2:40 of 1st period - Colton Parayko is hit by Pavel Zacha and loses puck.
2:47 of 1st period - Penalty to Jake Sanderson is over, Jake Sanderson is back on ice.
3:38 of 1st period - Icing by Jake Sanderson.
3:39 of 1st period - Elias Lindholm wins face-off versus Sebastian Aho in St.Louis Blues zone.
4:00 of 1st period - Snap shot by J.T. Miller.
4:00 of 1st period - Stopped by Connor Hellebuyck without a rebound.
4:01 of 1st period - J.T. Miller wins face-off versus Robert Thomas in St.Louis Blues zone.
4:49 of 1st period - Snap shot by Elias Pettersson.
4:49 of 1st period - Shot Misses the Net.
4:51 of 1st period - Slapshot by Mikhail Sergachev.
4:51 of 1st period - Stopped by Ilya Sorokin with a rebound.
4:53 of 1st period - Slapshot by Elias Pettersson.
4:53 of 1st period - Stopped by Ilya Sorokin without a rebound.
4:54 of 1st period - Jack Eichel wins face-off versus Sebastian Aho in Calgary Flames zone.
4:55 of 1st period - Slapshot by Brayden Point.
4:55 of 1st period - Stopped by Ilya Sorokin with a rebound.
4:57 of 1st period - Wrist shot by Jack Eichel.
4:57 of 1st period - Shot Misses the Net.
4:59 of 1st period - Snap shot by Elias Pettersson.
4:59 of 1st period - Stopped by Ilya Sorokin with a rebound.
5:37 of 1st period - Snap shot by Alex Tuch.
5:37 of 1st period - Shot Misses the Net.
5:53 of 1st period - Snap shot by Pavel Zacha.
5:53 of 1st period - Shot Misses the Net.
6:09 of 1st period - Snap shot by Nicholas Paul.
6:09 of 1st period - Shot Misses the Net.
6:11 of 1st period - Wrist shot by Nic Dowd.
6:11 of 1st period - Shot Misses the Net.
6:13 of 1st period - Snap shot by Nic Dowd.
6:13 of 1st period - Shot Misses the Net.
6:15 of 1st period - Slapshot by Drew Doughty.
6:15 of 1st period - Shot Blocked by Colton Parayko.
6:20 of 1st period - Minor Penalty to Logan O'Connor for Tripping.
6:21 of 1st period - Elias Lindholm wins face-off versus J.T. Miller in St.Louis Blues zone.
6:33 of 1st period - Backhand shot by Elias Lindholm.
6:33 of 1st period - Stopped by Ilya Sorokin without a rebound.
6:34 of 1st period - Sebastian Aho wins face-off versus Lars Eller in Calgary Flames zone.
6:41 of 1st period - Wrist shot by Zach Hyman.
6:41 of 1st period - Shot Hit the Post.
6:43 of 1st period - Snap shot by Kris Letang.
6:43 of 1st period - Stopped by Connor Hellebuyck without a rebound.
6:44 of 1st period - Lars Eller wins face-off versus Pavel Zacha in St.Louis Blues zone.
6:44 of 1st period - Lars Eller is hit by Kris Letang.
7:04 of 1st period - Snap shot by Zach Hyman.
7:04 of 1st period - Shot Misses the Net.
7:26 of 1st period - Snap shot by Sebastian Aho.
7:26 of 1st period - Stopped by Connor Hellebuyck without a rebound.
7:27 of 1st period - J.T. Miller wins face-off versus Elias Lindholm in St.Louis Blues zone.
7:54 of 1st period - Cale Makar is hit by Alex Tuch and loses puck.
8:20 of 1st period - Penalty to Logan O'Connor is over, Logan O'Connor is back on ice.
8:23 of 1st period - Wrist shot by Elias Lindholm.
8:23 of 1st period - Shot Blocked by Pavel Zacha.
8:54 of 1st period - Brandon Hagel is hit by Jake Middleton and loses puck.
9:31 of 1st period - Mathieu Joseph is hit by Colton Parayko and loses puck.
9:36 of 1st period - Wrist shot by Logan O'Connor.
9:36 of 1st period - Stopped by Ilya Sorokin without a rebound.
9:37 of 1st period - J.T. Miller wins face-off versus Jack Eichel in Calgary Flames zone.
9:48 of 1st period - Jack Eichel is hit by J.T. Miller and loses puck.
10:11 of 1st period - Snap shot by Robert Thomas.
10:11 of 1st period - Shot Misses the Net.
10:36 of 1st period - Off-side.
10:37 of 1st period - Chris Kreider wins face-off versus Jack Eichel in neutral zone.
10:46 of 1st period - Wrist shot by Jack Eichel.
10:46 of 1st period - Shot Misses the Net.
11:47 of 1st period - Slapshot by Logan O'Connor.
11:47 of 1st period - Stopped by Ilya Sorokin with a rebound.
11:49 of 1st period - Wrist shot by Logan O'Connor.
11:49 of 1st period - Shot Blocked by Pavel Zacha.
11:51 of 1st period - Snap shot by Lars Eller.
11:51 of 1st period - Shot Misses the Net.
11:53 of 1st period - Wrist shot by Dakota Joshua.
11:53 of 1st period - Shot Misses the Net.
11:55 of 1st period - Wrist shot by Nick Leddy.
11:55 of 1st period - Shot Misses the Net.
11:57 of 1st period - Snap shot by Logan O'Connor.
11:57 of 1st period - Shot Misses the Net.
12:32 of 1st period - Snap shot by Mathieu Joseph.
12:32 of 1st period - Stopped by Connor Hellebuyck with a rebound.
12:34 of 1st period - Snap shot by Mathieu Joseph.
12:34 of 1st period - Stopped by Connor Hellebuyck with a rebound.
13:20 of 1st period - Slapshot by Logan O'Connor.
13:20 of 1st period - Shot Blocked by Zach Hyman.
13:24 of 1st period - Wrist shot by Lars Eller.
13:24 of 1st period - Shot Hit the Post.
13:41 of 1st period - Snap shot by Brayden Point.
13:41 of 1st period - Shot Misses the Net.
14:18 of 1st period - Icing by Brandon Hagel.
14:19 of 1st period - Elias Lindholm wins face-off versus Joel Eriksson Ek in St.Louis Blues zone.
14:19 of 1st period - Elias Lindholm is hit by Joel Eriksson Ek.
14:25 of 1st period - Kris Letang is hit by Alex Tuch and loses puck.
14:30 of 1st period - Slapshot by Mark Stone.
14:30 of 1st period - Shot Misses the Net.
14:32 of 1st period - Slapshot by Colton Parayko.
14:32 of 1st period - Deflect By Mark Stone.
14:32 of 1st period - Shot Misses the Net.
14:32 of 1st period - Puck is out of play.
14:33 of 1st period - Jack Eichel wins face-off versus J.T. Miller in Calgary Flames zone.
15:11 of 1st period - Snap shot by Joel Eriksson Ek.
15:11 of 1st period - Stopped by Connor Hellebuyck with a rebound.
15:33 of 1st period - Snap shot by Alex Tuch.
15:33 of 1st period - Shot Misses the Net.
15:53 of 1st period - Snap shot by Lars Eller.
15:53 of 1st period - Shot Blocked by Mathieu Joseph.
16:00 of 1st period - Icing by Cale Makar.
16:01 of 1st period - Jack Eichel wins face-off versus Nicholas Paul in Calgary Flames zone.
16:54 of 1st period - Snap shot by Pavel Zacha.
16:54 of 1st period - Shot Hit the Post.
16:56 of 1st period - Wrist shot by Oliver Bjorkstrand.
16:56 of 1st period - Stopped by Connor Hellebuyck without a rebound.
16:57 of 1st period - Jack Eichel wins face-off versus Bo Horvat in St.Louis Blues zone.
17:14 of 1st period - Snap shot by Pavel Zacha.
17:14 of 1st period - Shot Misses the Net.
17:16 of 1st period - Slapshot by Jeremy Lauzon.
17:16 of 1st period - Shot Misses the Net.
17:18 of 1st period - Wrist shot by Pavel Zacha.
17:18 of 1st period - Stopped by Connor Hellebuyck with a rebound.
17:30 of 1st period - Snap shot by Oliver Bjorkstrand.
17:30 of 1st period - Shot Misses the Net.
17:48 of 1st period - Snap shot by Brayden Point.
17:48 of 1st period - Shot Misses the Net.
18:04 of 1st period - Snap shot by Pavel Zacha.
18:04 of 1st period - Stopped by Connor Hellebuyck without a rebound.
18:05 of 1st period - Sebastian Aho wins face-off versus Robert Thomas in St.Louis Blues zone.
19:17 of 1st period - Wrist shot by Matthew Tkachuk.
19:17 of 1st period - Shot Misses the Net.
19:19 of 1st period - Wrist shot by Matthew Tkachuk.
19:19 of 1st period - Deflect By J.T. Miller.
19:19 of 1st period - Stopped by Connor Hellebuyck without a rebound.
19:20 of 1st period - Robert Thomas wins face-off versus Sebastian Aho in St.Louis Blues zone.
19:56 of 1st period - Jack Eichel is hit by Mathieu Joseph and loses puck.
Goals for this period are 0 for St.Louis Blues vs 0 for Calgary Flames.
Shots for this period are 7 for St.Louis Blues vs 11 for Calgary Flames.
2nd period
0:01 of 2nd period - Robert Thomas wins face-off versus Sebastian Aho in neutral zone.
0:26 of 2nd period - Matthew Tkachuk is hit by Elias Pettersson.
0:36 of 2nd period - Snap shot by Jack Eichel.
0:36 of 2nd period - Shot Blocked by Cale Makar.
0:38 of 2nd period - Wrist shot by Brayden Point.
0:38 of 2nd period - Shot Misses the Net.
1:08 of 2nd period - Nic Dowd is hit by Logan O'Connor and loses puck.
1:33 of 2nd period - Snap shot by Robert Thomas.
1:33 of 2nd period - Shot Misses the Net.
1:35 of 2nd period - Wrist shot by Robert Thomas.
1:35 of 2nd period - Shot Misses the Net.
1:37 of 2nd period - Snap shot by Brandon Hagel.
1:37 of 2nd period - Shot Misses the Net.
2:05 of 2nd period - Chris Kreider is hit by Nick Leddy.
2:24 of 2nd period - Off-side.
2:25 of 2nd period - Sebastian Aho wins face-off versus Robert Thomas in neutral zone.
2:28 of 2nd period - Colton Parayko is hit by Zach Hyman and loses puck.
2:59 of 2nd period - Snap shot by Matthew Tkachuk.
2:59 of 2nd period - Shot Misses the Net.
3:42 of 2nd period - Jack Eichel is hit by Jeremy Lauzon and loses puck.
4:05 of 2nd period - Snap shot by Jake Sanderson.
4:05 of 2nd period - Shot Blocked by Sebastian Aho.
4:07 of 2nd period - Slapshot by Jaccob Slavin.
4:07 of 2nd period - Shot Blocked by Drew Doughty.
4:59 of 2nd period - Jack Eichel is hit by Pavel Zacha and loses puck.
5:18 of 2nd period - Snap shot by Jake Guentzel.
5:18 of 2nd period - Stopped by Ilya Sorokin with a rebound.
6:25 of 2nd period - Alex Pietrangelo is hit by Mathieu Joseph and loses puck.
6:34 of 2nd period - Snap shot by Nicholas Paul.
6:34 of 2nd period - Shot Misses the Net.
6:36 of 2nd period - Snap shot by Nicholas Paul.
6:36 of 2nd period - Stopped by Connor Hellebuyck with a rebound.
7:11 of 2nd period - Off-side.
7:12 of 2nd period - J.T. Miller wins face-off versus Robert Thomas in neutral zone.
7:27 of 2nd period - Snap shot by Matthew Tkachuk.
7:27 of 2nd period - Shot Misses the Net.
7:29 of 2nd period - Slapshot by Jeremy Lauzon.
7:29 of 2nd period - Deflect By Jake Guentzel.
7:29 of 2nd period - Stopped by Connor Hellebuyck with a rebound.
7:38 of 2nd period - Icing by Brandon Hagel.
7:39 of 2nd period - Jack Eichel wins face-off versus Sebastian Aho in St.Louis Blues zone.
7:44 of 2nd period - Wrist shot by Brayden Point.
7:44 of 2nd period - Shot Misses the Net.
7:46 of 2nd period - Snap shot by Jack Eichel.
7:46 of 2nd period - Goal by Jack Eichel - St.Louis Blues : 1 - Calgary Flames : 0.
7:47 of 2nd period - Jack Eichel wins face-off versus Sebastian Aho in neutral zone.
8:02 of 2nd period - Snap shot by Brayden Point.
8:02 of 2nd period - Shot Misses the Net.
8:04 of 2nd period - Slapshot by Jack Eichel.
8:04 of 2nd period - Shot Blocked by Kris Letang.
8:14 of 2nd period - Alex Pietrangelo is hit by Matthew Tkachuk and loses puck.
8:48 of 2nd period - Snap shot by Elias Lindholm.
8:48 of 2nd period - Stopped by Ilya Sorokin with a rebound.
9:12 of 2nd period - Wrist shot by Elias Pettersson.
9:12 of 2nd period - Shot Misses the Net.
9:30 of 2nd period - Slapshot by Colton Parayko.
9:30 of 2nd period - Stopped by Ilya Sorokin with a rebound.
10:09 of 2nd period - Off-side.
10:10 of 2nd period - Jack Eichel wins face-off versus Sebastian Aho in neutral zone.
10:15 of 2nd period - Drew Doughty is hit by Brayden Point and loses puck.
10:22 of 2nd period - Wrist shot by Elias Pettersson.
10:22 of 2nd period - Shot Misses the Net.
10:24 of 2nd period - Slapshot by Jake Sanderson.
10:24 of 2nd period - Shot Misses the Net.
10:26 of 2nd period - Backhand shot by Jack Eichel.
10:26 of 2nd period - Stopped by Ilya Sorokin with a rebound.
10:36 of 2nd period - Cale Makar is hit by Brandon Hagel and loses puck.
10:47 of 2nd period - Snap shot by Jake Guentzel.
10:47 of 2nd period - Shot Misses the Net.
11:52 of 2nd period - Wrist shot by Joel Eriksson Ek.
11:52 of 2nd period - Shot Misses the Net.
12:48 of 2nd period - Snap shot by Nicholas Paul.
12:48 of 2nd period - Shot Blocked by Mark Stone.
12:50 of 2nd period - Wrist shot by Mathieu Joseph.
12:50 of 2nd period - Shot Misses the Net.
12:52 of 2nd period - Snap shot by Nicholas Paul.
12:52 of 2nd period - Deflect By Nic Dowd.
12:52 of 2nd period - Stopped by Connor Hellebuyck without a rebound.
12:53 of 2nd period - Sebastian Aho wins face-off versus Jack Eichel in St.Louis Blues zone.
13:08 of 2nd period - Wrist shot by Zach Hyman.
13:08 of 2nd period - Stopped by Connor Hellebuyck with a rebound.
13:10 of 2nd period - Slapshot by Jake Middleton.
13:10 of 2nd period - Shot Blocked by Alex Pietrangelo.
13:34 of 2nd period - Snap shot by Bo Horvat.
13:34 of 2nd period - Shot Blocked by Robert Thomas.
14:10 of 2nd period - Snap shot by Jake Sanderson.
14:10 of 2nd period - Deflect By Logan O'Connor.
14:10 of 2nd period - Stopped by Ilya Sorokin without a rebound.
14:11 of 2nd period - Sebastian Aho wins face-off versus Lars Eller in Calgary Flames zone.
14:20 of 2nd period - Snap shot by Sebastian Aho.
14:20 of 2nd period - Stopped by Connor Hellebuyck with a rebound.
14:22 of 2nd period - Slapshot by Cale Makar.
14:22 of 2nd period - Stopped by Connor Hellebuyck with a rebound.
14:24 of 2nd period - Snap shot by Zach Hyman.
14:24 of 2nd period - Shot Misses the Net.
14:26 of 2nd period - Snap shot by Zach Hyman.
14:26 of 2nd period - Stopped by Connor Hellebuyck without a rebound.
14:27 of 2nd period - Jack Eichel wins face-off versus J.T. Miller in St.Louis Blues zone.
14:38 of 2nd period - Snap shot by Jack Eichel.
14:38 of 2nd period - Stopped by Ilya Sorokin without a rebound.
14:39 of 2nd period - Sebastian Aho wins face-off versus Robert Thomas in Calgary Flames zone.
14:56 of 2nd period - Wrist shot by Zach Hyman.
14:56 of 2nd period - Shot Misses the Net.
15:14 of 2nd period - Slapshot by Elias Pettersson.
15:14 of 2nd period - Deflect By Brayden Point.
15:14 of 2nd period - Stopped by Ilya Sorokin without a rebound.
15:15 of 2nd period - J.T. Miller wins face-off versus Jack Eichel in Calgary Flames zone.
15:24 of 2nd period - Slapshot by Cale Makar.
15:24 of 2nd period - Stopped by Connor Hellebuyck without a rebound.
15:25 of 2nd period - Robert Thomas wins face-off versus Chris Kreider in St.Louis Blues zone.
15:40 of 2nd period - Snap shot by Jake Guentzel.
15:40 of 2nd period - Shot Blocked by Matthew Tkachuk.
15:58 of 2nd period - Off-side.
15:59 of 2nd period - Jack Eichel wins face-off versus Zach Hyman in neutral zone.
16:14 of 2nd period - Wrist shot by Jack Eichel.
16:14 of 2nd period - Stopped by Ilya Sorokin without a rebound.
16:15 of 2nd period - Bo Horvat wins face-off versus Robert Thomas in Calgary Flames zone.
16:42 of 2nd period - Jack Eichel is hit by Zach Hyman and loses puck.
16:49 of 2nd period - Slapshot by Jaccob Slavin.
16:49 of 2nd period - Stopped by Ilya Sorokin with a rebound.
16:51 of 2nd period - Snap shot by Alex Pietrangelo.
16:51 of 2nd period - Stopped by Ilya Sorokin with a rebound.
16:53 of 2nd period - Slapshot by Alex Pietrangelo.
16:53 of 2nd period - Shot Misses the Net.
17:09 of 2nd period - Wrist shot by Mark Stone.
17:09 of 2nd period - Shot Blocked by Kris Letang.
17:23 of 2nd period - Mathieu Joseph is hit by Dakota Joshua and loses puck.
17:34 of 2nd period - Nicholas Paul is hit by Dakota Joshua and loses puck.
18:15 of 2nd period - Brayden Point is hit by Zach Hyman and loses puck.
18:54 of 2nd period - Snap shot by Nicholas Paul.
18:54 of 2nd period - Shot Misses the Net.
18:56 of 2nd period - Slapshot by Nicholas Paul.
18:56 of 2nd period - Goal by Nicholas Paul - St.Louis Blues : 1 - Calgary Flames : 1.
18:57 of 2nd period - Brandon Hagel wins face-off versus Sebastian Aho in neutral zone.
19:02 of 2nd period - Snap shot by Sebastian Aho.
19:02 of 2nd period - Shot Misses the Net.
19:49 of 2nd period - Mark Stone is hit by Bo Horvat and loses puck.
19:54 of 2nd period - Wrist shot by Pavel Zacha.
19:54 of 2nd period - Shot Misses the Net.
19:56 of 2nd period - Slapshot by Pavel Zacha.
19:56 of 2nd period - Stopped by Connor Hellebuyck with a rebound.
Goals for this period are 1 for St.Louis Blues vs 1 for Calgary Flames.
Shots for this period are 11 for St.Louis Blues vs 10 for Calgary Flames.
3rd period
0:01 of 3rd period - Robert Thomas wins face-off versus Sebastian Aho in neutral zone.
0:22 of 3rd period - Minor Penalty to Brandon Hagel for Tripping.
0:23 of 3rd period - J.T. Miller wins face-off versus Elias Lindholm in St.Louis Blues zone.
1:11 of 3rd period - Jake Sanderson is hit by J.T. Miller and loses puck.
2:18 of 3rd period - Snap shot by Elias Pettersson.
2:18 of 3rd period - Stopped by Ilya Sorokin without a rebound.
2:19 of 3rd period - Elias Lindholm wins face-off versus Sebastian Aho in Calgary Flames zone.
2:22 of 3rd period - Penalty to Brandon Hagel is over, Brandon Hagel is back on ice.
2:41 of 3rd period - Off-side.
2:42 of 3rd period - Jack Eichel wins face-off versus Nicholas Paul in neutral zone.
2:47 of 3rd period - Slapshot by Jack Eichel.
2:47 of 3rd period - Stopped by Ilya Sorokin without a rebound.
2:48 of 3rd period - J.T. Miller wins face-off versus Jack Eichel in Calgary Flames zone.
2:57 of 3rd period - Snap shot by Brayden Point.
2:57 of 3rd period - Deflect By Jack Eichel.
2:57 of 3rd period - Stopped by Ilya Sorokin without a rebound.
2:58 of 3rd period - J.T. Miller wins face-off versus Jack Eichel in Calgary Flames zone.
3:37 of 3rd period - Snap shot by Matthew Tkachuk.
3:37 of 3rd period - Stopped by Connor Hellebuyck without a rebound.
3:38 of 3rd period - Joel Eriksson Ek wins face-off versus Jack Eichel in St.Louis Blues zone.
3:47 of 3rd period - Slapshot by Sebastian Aho.
3:47 of 3rd period - Stopped by Connor Hellebuyck with a rebound.
4:26 of 3rd period - Snap shot by Drew Doughty.
4:26 of 3rd period - Stopped by Connor Hellebuyck without a rebound.
4:27 of 3rd period - Elias Lindholm wins face-off versus Nicholas Paul in St.Louis Blues zone.
4:27 of 3rd period - Elias Lindholm is hit by Jeremy Lauzon.
4:33 of 3rd period - Nicholas Paul is hit by Mark Stone and loses puck.
4:48 of 3rd period - Minor Penalty to Colton Parayko for Slashing.
4:49 of 3rd period - Lars Eller wins face-off versus J.T. Miller in St.Louis Blues zone.
5:19 of 3rd period - Snap shot by Chris Kreider.
5:19 of 3rd period - Shot Blocked by Alex Tuch.
5:21 of 3rd period - Snap shot by Matthew Tkachuk.
5:21 of 3rd period - Stopped by Connor Hellebuyck with a rebound.
5:23 of 3rd period - Slapshot by Cale Makar.
5:23 of 3rd period - Goal by Cale Makar - St.Louis Blues : 1 - Calgary Flames : 2.
5:24 of 3rd period - Sebastian Aho wins face-off versus Jack Eichel in neutral zone.
5:29 of 3rd period - Snap shot by Elias Pettersson.
5:29 of 3rd period - Stopped by Ilya Sorokin without a rebound.
5:30 of 3rd period - Jack Eichel wins face-off versus Sebastian Aho in Calgary Flames zone.
6:45 of 3rd period - Icing by Nicholas Paul.
6:46 of 3rd period - Jack Eichel wins face-off versus Nicholas Paul in Calgary Flames zone.
6:49 of 3rd period - Wrist shot by Brayden Point.
6:49 of 3rd period - Stopped by Ilya Sorokin with a rebound.
7:28 of 3rd period - Backhand shot by Robert Thomas.
7:28 of 3rd period - Goal by Robert Thomas - St.Louis Blues : 2 - Calgary Flames : 2.
7:29 of 3rd period - Robert Thomas wins face-off versus J.T. Miller in neutral zone.
7:44 of 3rd period - Colton Parayko is hit by J.T. Miller and loses puck.
7:52 of 3rd period - Icing by Alex Pietrangelo.
7:53 of 3rd period - Jack Eichel wins face-off versus Pavel Zacha in St.Louis Blues zone.
8:00 of 3rd period - Wrist shot by Jack Eichel.
8:00 of 3rd period - Stopped by Ilya Sorokin with a rebound.
8:02 of 3rd period - Slapshot by Colton Parayko.
8:02 of 3rd period - Deflect By Oliver Bjorkstrand.
8:02 of 3rd period - Stopped by Ilya Sorokin with a rebound.
8:04 of 3rd period - Slapshot by Colton Parayko.
8:04 of 3rd period - Deflect By Oliver Bjorkstrand.
8:04 of 3rd period - Stopped by Ilya Sorokin without a rebound.
8:05 of 3rd period - Jack Eichel wins face-off versus Zach Hyman in Calgary Flames zone.
8:55 of 3rd period - Wrist shot by Alex Tuch.
8:55 of 3rd period - Stopped by Ilya Sorokin with a rebound.
8:57 of 3rd period - Wrist shot by Alex Tuch.
8:57 of 3rd period - Shot Misses the Net.
8:59 of 3rd period - Wrist shot by Alex Tuch.
8:59 of 3rd period - Stopped by Ilya Sorokin with a rebound.
9:15 of 3rd period - Snap shot by Lars Eller.
9:15 of 3rd period - Shot Blocked by Nic Dowd.
9:17 of 3rd period - Slapshot by Jaccob Slavin.
9:17 of 3rd period - Stopped by Ilya Sorokin with a rebound.
9:25 of 3rd period - Snap shot by Logan O'Connor.
9:25 of 3rd period - Stopped by Ilya Sorokin without a rebound.
9:26 of 3rd period - Sebastian Aho wins face-off versus Jack Eichel in Calgary Flames zone.
9:52 of 3rd period - Jake Middleton is hit by Jake Guentzel and loses puck.
10:01 of 3rd period - Robert Thomas is hit by J.T. Miller and loses puck.
10:08 of 3rd period - J.T. Miller is hit by Robert Thomas.
10:14 of 3rd period - Minor Penalty to J.T. Miller for Roughing.
10:15 of 3rd period - Robert Thomas wins face-off versus Sebastian Aho in Calgary Flames zone.
11:58 of 3rd period - Pavel Zacha is hit by Jake Guentzel and loses puck.
12:14 of 3rd period - Penalty to J.T. Miller is over, J.T. Miller is back on ice.
12:23 of 3rd period - Snap shot by Dakota Joshua.
12:23 of 3rd period - Stopped by Ilya Sorokin without a rebound.
12:24 of 3rd period - Bo Horvat wins face-off versus Lars Eller in Calgary Flames zone.
12:51 of 3rd period - Snap shot by Dakota Joshua.
12:51 of 3rd period - Stopped by Ilya Sorokin with a rebound.
12:53 of 3rd period - Slapshot by Logan O'Connor.
12:53 of 3rd period - Stopped by Ilya Sorokin with a rebound.
12:55 of 3rd period - Backhand shot by Dakota Joshua.
12:55 of 3rd period - Stopped by Ilya Sorokin with a rebound.
12:57 of 3rd period - Slapshot by Jaccob Slavin.
12:57 of 3rd period - Stopped by Ilya Sorokin without a rebound.
12:58 of 3rd period - Jack Eichel wins face-off versus Sebastian Aho in Calgary Flames zone.
13:01 of 3rd period - Slapshot by Elias Pettersson.
13:01 of 3rd period - Shot Misses the Net.
13:27 of 3rd period - Slapshot by J.T. Miller.
13:27 of 3rd period - Shot Blocked by Colton Parayko.
13:45 of 3rd period - Drew Doughty is hit by Elias Lindholm and loses puck.
14:06 of 3rd period - Drew Doughty is hit by Dakota Joshua and loses puck.
14:32 of 3rd period - Zach Hyman is hit by Brayden Point and loses puck.
15:04 of 3rd period - Alex Pietrangelo is hit by Kris Letang.
16:16 of 3rd period - Jaccob Slavin is hit by Joel Eriksson Ek and loses puck.
17:16 of 3rd period - Nick Leddy is hit by Filip Hronek and loses puck.
17:39 of 3rd period - Alex Tuch is hit by Zach Hyman and loses puck.
18:10 of 3rd period - Slapshot by Jack Eichel.
18:10 of 3rd period - Shot Misses the Net.
18:12 of 3rd period - Slapshot by Jaccob Slavin.
18:12 of 3rd period - Stopped by Ilya Sorokin with a rebound.
18:22 of 3rd period - Zach Hyman is hit by Brandon Hagel.
19:06 of 3rd period - J.T. Miller is hit by Colton Parayko and loses puck.
19:17 of 3rd period - Alex Pietrangelo is hit by Oliver Bjorkstrand and loses puck.
19:49 of 3rd period - Brayden Point is hit by Jeremy Lauzon and loses puck.
19:54 of 3rd period - Slapshot by Cale Makar.
19:54 of 3rd period - Deflect By Alex Pietrangelo.
19:54 of 3rd period - Stopped by Connor Hellebuyck with a rebound.
19:56 of 3rd period - Snap shot by Nicholas Paul.
19:56 of 3rd period - Stopped by Connor Hellebuyck without a rebound.
19:57 of 3rd period - Jack Eichel wins face-off versus J.T. Miller in St.Louis Blues zone.
Goals for this period are 1 for St.Louis Blues vs 1 for Calgary Flames.
Shots for this period are 19 for St.Louis Blues vs 7 for Calgary Flames.
Overtime #1
0:01 of 1st overtime period - Sebastian Aho wins face-off versus Robert Thomas in neutral zone.
0:04 of 1st overtime period - Wrist shot by Kris Letang.
0:04 of 1st overtime period - Shot Blocked by Robert Thomas.
0:10 of 1st overtime period - Wrist shot by Joel Eriksson Ek.
0:10 of 1st overtime period - Deflect By Jake Guentzel.
0:10 of 1st overtime period - Shot Misses the Net.
0:10 of 1st overtime period - Puck is out of play.
0:11 of 1st overtime period - Sebastian Aho wins face-off versus Robert Thomas in St.Louis Blues zone.
0:16 of 1st overtime period - Wrist shot by Zach Hyman.
0:16 of 1st overtime period - Stopped by Connor Hellebuyck with a rebound.
0:38 of 1st overtime period - Pavel Zacha is hit by Brayden Point and loses puck.
0:49 of 1st overtime period - Wrist shot by Brayden Point.
0:49 of 1st overtime period - Shot Misses the Net.
1:09 of 1st overtime period - Snap shot by J.T. Miller.
1:09 of 1st overtime period - Shot Misses the Net.
1:12 of 1st overtime period - Icing by Jaccob Slavin.
1:13 of 1st overtime period - Sebastian Aho wins face-off versus Elias Lindholm in St.Louis Blues zone.
1:46 of 1st overtime period - Snap shot by Bo Horvat.
1:46 of 1st overtime period - Shot Misses the Net.
1:48 of 1st overtime period - Slapshot by Filip Hronek.
1:48 of 1st overtime period - Stopped by Connor Hellebuyck without a rebound.
1:49 of 1st overtime period - Jack Eichel wins face-off versus J.T. Miller in St.Louis Blues zone.
1:57 of 1st overtime period - Off-side.
1:58 of 1st overtime period - J.T. Miller wins face-off versus Jack Eichel in neutral zone.
2:05 of 1st overtime period - Wrist shot by J.T. Miller.
2:05 of 1st overtime period - Deflect By Jack Eichel.
2:05 of 1st overtime period - Stopped by Connor Hellebuyck without a rebound.
2:06 of 1st overtime period - Robert Thomas wins face-off versus Sebastian Aho in St.Louis Blues zone.
2:13 of 1st overtime period - Slapshot by Joel Eriksson Ek.
2:13 of 1st overtime period - Stopped by Connor Hellebuyck with a rebound.
2:15 of 1st overtime period - Snap shot by Zach Hyman.
2:15 of 1st overtime period - Calgary Flames goal is going for a video replay.
2:15 of 1st overtime period - The goal is refused. The net was displaced accidentally..
2:16 of 1st overtime period - Sebastian Aho wins face-off versus Robert Thomas in St.Louis Blues zone.
2:21 of 1st overtime period - Slapshot by Zach Hyman.
2:21 of 1st overtime period - Stopped by Connor Hellebuyck with a rebound.
2:23 of 1st overtime period - Slapshot by Sebastian Aho.
2:23 of 1st overtime period - Stopped by Connor Hellebuyck without a rebound.
2:24 of 1st overtime period - Jack Eichel wins face-off versus Bo Horvat in St.Louis Blues zone.
3:14 of 1st overtime period - Wrist shot by Lars Eller.
3:14 of 1st overtime period - Goal by Lars Eller - St.Louis Blues : 3 - Calgary Flames : 2.
Goals for this period are 1 for St.Louis Blues vs 0 for Calgary Flames.
Shots for this period are 1 for St.Louis Blues vs 7 for Calgary Flames.
Back to the Top